 Dungeon Crawl Stone Soup version 0.19.1 (webtiles) character file.

67 CanadianGator the Grave Robber (level 4, -2/38 HPs)
             Began as a Deep Dwarf Necromancer on Nov 28, 2016.
             Slain by a goblin (5 damage)
             ... led by Robin
             ... on level 2 of the Dungeon.
             The game lasted 00:06:05 (1755 turns).

CanadianGator the Grave Robber (DDNe)               Turns: 1755, Time: 00:06:05

Health: -2/38      AC:  3    Str: 11    XL:     4   Next: 0%
Magic:  0/7        EV: 13    Int: 16    God:
Gold:   105        SH:  0    Dex: 19    Spells: 2 memorised, 3 levels left

rFire  . . .     SeeInvis .     (no weapon)
rCold  . . .     Gourm    .     a - +0 robe
rNeg   . . .     Faith    .     (no shield)
rPois  .         Spirit   .     (no helmet)
rElec  .         Reflect  .     (no cloak)
rCorr  .         Harm     .     i - +0 pair of gloves
MR     .....                    (no boots)
Stlth  ++........               (no amulet)
                                (no ring)
                                m - +5 ring of dexterity

@: non-regenerating
A: damage resistance, recharge devices, sense surroundings 1, slow regeneration
3
a: Device Recharging


You were on level 2 of the Dungeon.
You were not hungry.

You visited 1 branch of the dungeon, and saw 2 of its levels.

You collected 105 gold pieces.

Inventory:

Armour
 a - a +0 robe (worn)
 h - a +0 chain mail
 i - a +0 pair of gloves (worn)
Jewellery
 m - a +5 ring of dexterity (left hand)
Wands
 c - a wand of heal wounds (3/9)
Scrolls
 e - a scroll of identify {unknown}
 f - a scroll of remove curse {unknown}
 j - 2 scrolls of enchant weapon {unknown}
Potions
 g - a potion of haste {unknown}
 k - a potion of flight {unknown}
Books
 b - a book of Necromancy

   Spells                             Type                      Level
   a - Pain                           Necromancy                   1
   b - Animate Skeleton               Necromancy                   1
   c - Vampiric Draining              Necromancy                   3
   d - Regeneration                   Charms/Necromancy            3
   e - Animate Dead                   Necromancy                   4
   f - Control Undead                 Necromancy                   4
Comestibles
 d - 2 bread rations
 l - a meat ration


   Skills:
 + Level 1.1 Fighting
 + Level 0.7 Armour
 + Level 2.5 Dodging
 - Level 2.4 Stealth
 + Level 2.1 Spellcasting
 * Level 4.9 Necromancy
 + Level 1.8 Evocations


You had 3 spell levels left.
You knew the following spells:

 Your Spells              Type           Power        Failure   Level  Hunger
a - Pain                  Necr           ###.         3%          1    #......
b - Vampiric Draining     Necr           ###.......   12%         3    ###....


Dungeon Overview and Level Annotations

Branches:
Dungeon (2/15)

Altars:

Annotations:
D:2 Robin


Innate Abilities, Weirdness & Mutations

You are resistant to damage.
You can recharge devices by infusing magical energy.
You passively map a small area around you.
You do not regenerate.


Message History

The goblins go into a battle-frenzy!
You hit Robin but do no damage.
Robin is heavily wounded.
The goblin completely misses you. Robin barely misses you.
You hit Robin but do no damage.
Robin is heavily wounded.
The goblin hits you but does no damage.
Robin hits you with a mace of protection.
You hit Robin.
Robin is heavily wounded.
The goblin hits you but does no damage. Robin barely misses you.
You barely miss Robin.
Robin is heavily wounded.
The goblin hits you.
Robin hits you with a mace of protection!
* * * LOW HITPOINT WARNING * * *
You hit Robin but do no damage.
Robin is heavily wounded.
The goblin hits you.
You die...

* * . * ..#######
** * .........,
,,,
,........######.#*
,
.#..#(.....g@gggS#
......###.#####l.#
*# #....# #.# ....
#.#....###.# ,
.... ..........#
,,..b * #.......#
[. * #.......# .
,, .##†..(.# , .
,#.....# ,


You could see Robin, 2 hobgoblins, a goblin, a ball python and a frilled lizard.

Vanquished Creatures
  2 adders (D:2)
  4 giant cockroaches
  7 goblins
  4 hobgoblins
  5 jackals (D:1)
  4 kobolds
  10 bats
  8 rats
44 creatures vanquished.

Notes
Turn   | Place    | Note
-------+----------+-------------------------------------------
     0 | D:1      | CanadianGator the Deep Dwarf Necromancer began the quest for the Orb.
     0 | D:1      | Reached XP level 1. HP: 15/15 MP: 3/3
   168 | D:1      | Reached skill level 1 in Evocations
   238 | D:1      | Reached XP level 2. HP: 19/22 MP: 1/4
   687 | D:1      | Reached XP level 3. HP: 29/30 MP: 2/5
  1445 | D:2      | Found a faded altar of an unknown god.
  1594 | D:2      | Learned a level 3 spell: Vampiric Draining
  1695 | D:2      | Noticed Robin
  1698 | D:2      | Reached skill level 1 in Fighting
  1743 | D:2      | Reached XP level 4. HP: 8/38 MP: 2/7
  1755 | D:2      | Slain by a goblin

Skill      XL: |  1  2  3 |
---------------+----------+-----
Evocations     | 1 |  1.8
Spellcasting   | 2 |  2.1
Fighting       | 1 |  1.1
Armour         | |  0.7
Dodging        | |  2.5
Stealth        | |  2.4
Necromancy     | |  4.9

Action                   |  1- 3 |  4- 6 || total
-------------------------+-------+-------++-------
Melee: Unarmed           |   353 |    11 ||   364
 Cast: Pain              |    23 |       ||    23
       Vampiric Draining |     4 |     1 ||     5
Evoke: Wand              |     2 |       ||     2
 Stab: Sleeping          |     2 |       ||     2
       Distracted        |     1 |       ||     1
  Eat: Bread ration      |     1 |       ||     1
Armor: Robe              |   126 |     3 ||   129
       Chain mail        |     2 |       ||     2
Dodge: Dodged            |   343 |    13 ||   356
